 Dungeon Crawl Stone Soup version 0.18-a0-20-gaede791 (webtiles) character file.

147 Ordine the Insei (level 5, -6/47 HPs)
             Began as a Draconian Monk on Nov 2, 2015.
             Mangled by Grinder (7 damage)
             ... while paralysed by Grinder
             ... on level 3 of the Dungeon.
             The game lasted 00:06:31 (1974 turns).

Ordine the Insei (Draconian Monk)                   Turns: 1974, Time: 00:06:31

Health: -6/47      AC:  6    Str: 13    XL:     5   Next: 7%
Magic:  5/5        EV:  2    Int: 10    God:
Gold:   92         SH:  0    Dex: 15    Spells: 0 memorised, 4 levels left

rFire  . . .     SeeInvis .       - Unarmed
rCold  . . .     Clarity  .     (armour unavailable)
rNeg   + . .     SustAt   .     g - +0 buckler
rPois  .         Gourm    .     (helmet restricted)
rElec  .         Spirit   .     b - +0 cloak
rCorr  .         Warding  .     (no gloves)
rMut   .         Stasis   .     (no boots)
MR     .....                    (no amulet)
Stlth  ++........               (no ring)
                                h - ring of positive energy

@: paralysed, not resistant to hostile enchantments, unstealthy
A: unfitting armour, cold-blooded, AC +5
a: no special abilities


You were on level 3 of the Dungeon.
You were not hungry.

You visited 1 branch of the dungeon, and saw 3 of its levels.

You collected 92 gold pieces.

Inventory:

Armour
 b - a +0 cloak (worn)
 g - a +0 buckler (worn)
Jewellery
 h - a ring of positive energy (left hand)
Scrolls
 k - 2 scrolls of remove curse
Potions
 e - a potion of cancellation
 j - a potion of resistance
Comestibles
 a - a bread ration
 c - 2 meat rations
 d - 4 chunks of flesh
 f - 3 fruits


   Skills:
 + Level 4.3 Fighting
 - Level 2.6 Dodging
 - Level 1.7 Stealth
 + Level 1.0 Shields
 * Level 5.6 Unarmed Combat


You had 4 spell levels left.
You didn't know any spells.

Dungeon Overview and Level Annotations

Branches:
Dungeon (3/15)

Altars:

Annotations:
D:3 Grinder


Innate Abilities, Weirdness & Mutations

Your plain brown scales are hard (AC +5).
Your body does not fit into most forms of armour.
You are cold-blooded and may be slowed by cold attacks.


Message History

You hit Grinder.
Your tail-slap misses Grinder.
Grinder is almost dead.
Grinder gestures.
Grinder blinks!
You barely miss Grinder.
Grinder is almost dead.
Grinder misses you.
You barely miss Grinder.
Grinder is almost dead.
Grinder barely misses you.
You closely miss Grinder.
Grinder is almost dead.
Grinder gestures.
Grinder blinks!
Grinder gestures at you.
You suddenly lose the ability to move!
Grinder hits you!
* * * LOW HITPOINT WARNING * * *
Grinder hits you!
You die...

#...##.#....#
#.#####...##.#....#
#..(......##......# .
........†...#.#+###...
.)..........'.........
............##..##...
##############..#
########....>#
#######........5@.##
....................#
....................#
.......#######+##...#
.......# #...#
.......# #...#
.......# #...#
.......+ #...#
.......#


You could see Grinder.

Vanquished Creatures
  Crazy Yiuf (D:2)
  5 adders
  2 giant geckos (D:2)
  2 orcs (D:3)
  A ball python (D:2)
  10 goblins
  9 hobgoblins
  5 jackals (D:1)
  6 bats
  6 giant cockroaches
  3 giant newts
  10 kobolds
  10 rats
70 creatures vanquished.

Notes
Turn   | Place    | Note
--------------------------------------------------------------
     0 | D:1      | Ordine the Draconian Monk began the quest for the Orb.
     0 | D:1      | Reached XP level 1. HP: 19/19 MP: 1/1
   105 | D:1      | Reached XP level 2. HP: 8/26 MP: 2/2
   843 | D:1      | Reached XP level 3. HP: 27/31 MP: 3/3
   933 | D:2      | Noticed Crazy Yiuf
   947 | D:2      | Killed Crazy Yiuf
   947 | D:2      | Reached skill level 5 in Unarmed Combat
   947 | D:2      | Reached XP level 4. HP: 33/40 MP: 4/4
  1460 | D:2      | Found a faded altar to an unknown god.
  1500 | D:2      | Reached skill level 1 in Shields
  1785 | D:3      | Reached XP level 5. HP: 42/47 MP: 5/5
  1897 | D:3      | Noticed Grinder
  1918 | D:3      | Paralysed by Grinder for 2 turns
  1924 | D:3      | Paralysed by Grinder for 7 turns
  1971 | D:3      | Paralysed by Grinder for 5 turns
  1973 | D:3      | HP: 1/47 [Grinder (7)]
  1974 | D:3      | Mangled by Grinder

Vault maps used:
D:1:      shiori_arrival_oz
D:2:      ecumenical_altar_1, minivault_11, nrook_loot_triangle,
          uniq_crazy_yiuf_cottage
D:3:      gammafunk_temple_overflow_pools, uniq_grinder

Action                   |  1- 3 |  4- 6 || total
-------------------------+-------+-------++-------
Melee: Unarmed           |   119 |   142 ||   261
  Use: Scroll            |     6 |     4 ||    10
       Potion            |     2 |     2 ||     4
 Stab: Sleeping          |       |     3 ||     3
  Eat: Chunk             |       |     5 ||     5
